 Dungeon Crawl Stone Soup version 0.27.1-33-g824d729ab1 (webtiles) character file.

Game seed: 5598953518039689628

688 Garessta the Cudgeller (level 7, -2/50 HPs)
             Began as a Demonspawn Gladiator on Dec 14, 2021.
             Slain by Edmund (7 damage)
             ... on level 4 of the Dungeon.
             The game lasted 00:08:51 (4870 turns).

Garessta the Cudgeller (Demonspawn Gladiator)       Turns: 4870, Time: 00:08:51

Health: -2/50      AC:  5    Str: 17    XL:     7   Next: 36%
Magic:  16/16      EV: 13    Int:  9    God:
Gold:   120        SH:  0    Dex: 20    Spells: 6/6 levels left

rFire    . . .     SeeInvis .   a - +0 flail
rCold    . . .     Faith    .   (no shield)
rNeg     . . .     Spirit   .   b - +0 leather armour
rPois    .         Reflect  .   i - +2 hat
rElec    .         Harm     .   (no cloak)
rCorr    .         Rampage  .   (no gloves)
Will     .....                  (no boots)
Stlth    +.........             e - amulet of magic regeneration
HPRegen  0.16/turn              j - ring of magical power
MPRegen  0.55/turn              l - +6 ring of dexterity

@: no status effects
A: hooves 2, demonic guardian 1, magic regeneration
a: no special abilities


You were on level 4 of the Dungeon.
You visited 1 branch of the dungeon, and saw 4 of its levels.

You collected 144 gold pieces.
You spent 24 gold pieces at shops.

Inventory:

Hand Weapons
 a - a +0 flail (weapon)
Armour
 b - a +0 leather armour (worn)
 i - a +2 hat (worn)
Jewellery
 e - an amulet of magic regeneration (around neck)
 j - a ring of magical power (left hand)
 l - a +6 ring of dexterity (right hand)
Wands
 k - a wand of iceblast (8)
Scrolls
 c - 3 scrolls of identify
 f - a scroll of enchant armour {unknown}
 g - a scroll of teleportation
Potions
 d - a potion of invisibility
 h - a potion of haste


   Skills:
 - Level 2.0 Fighting
 + Level 7.9 Maces & Flails
 - Level 1.7 Throwing
 - Level 2.6 Dodging


You had 6 spell levels left.
You didn't know any spells.
Your spell library contained the following spells:

 Spells                   Type           Power      Damage    Failure   Level
 Ensorcelled Hibernation  Hex/Ice        0%         N/A       58%         2
 Spider Form              Tmut/Pois      0%         N/A       83%         3
 Shadow Creatures         Summ           N/A        N/A       100%        6


Dungeon Overview and Level Annotations

Branches:
Dungeon (4/15)
 Temple: D:4-7

Altars:
Hepliaklqana
Sif Muna

Shops:
D:1 (   D:2 *   D:3 *

Annotations:
D:4 Edmund, Eustachio


Innate Abilities, Weirdness & Mutations

You have hoof-like feet.
A weak demonic guardian rushes to your aid.
You regenerate magic rapidly.


Message History

You closely miss Edmund. You kick Edmund, but do no damage.
Edmund is moderately wounded.
The white imp shouts, "Take thy face hence, thou goatish hedge-born varlet!"
The white imp hits you but does no damage.
Edmund hits you with a +6 flail of protection!
* * * LOW HITPOINT WARNING * * *
Your white imp gestures at Edmund.
The puff of frost hits Edmund!
You closely miss Edmund. You kick Edmund, but do no damage.
Edmund is heavily wounded.
Eustachio casts a spell.
The white imp misses you. Edmund closely misses you.
Your white imp barely misses Edmund.
You thump Edmund! You kick Edmund, but do no damage.
Edmund is severely wounded.
The bat closely misses your white imp.
Eustachio casts a spell.
Eustachio blinks!
The white imp hits you but does no damage.
Edmund misses you.
Your white imp gestures at Edmund.
The puff of frost hits Edmund.
You hit Edmund. Your kick misses Edmund.
Edmund is severely wounded.
The white imp closely misses you.
Edmund hits you with a +6 flail of protection.
* * * LOW HITPOINT WARNING * * *
Your white imp hits Edmund but does no damage.
You closely miss Edmund.
Edmund is severely wounded.
The river rat bites your white imp.
The white imp hits you but does no damage.
Edmund misses you.
Your white imp hits the river rat but does no damage.
You closely miss Edmund. You kick Edmund, but do no damage.
Edmund is severely wounded.
The river rat bites your white imp.
The white imp hits you but does no damage.
Edmund hits you with a +6 flail of protection!
You die...

# #.# # #. ..# #.
#.# # #. ..#
#.###.### .. ..#
#........ #.#..#
####....... #.#..#
#..........
..r5####....##..[.
#5@b........##..##
#@#)#.......)...#
#5#.............#
#.##5###@........#.#
#......@55....####.#
#....######...# #.#
....#### #...# #.#
#.#. ##### .# # # .#


You could see Edmund, an iron imp (summoned), a river rat (summoned, ally
target), 2 white imps, a bat (summoned) and a friendly white imp (summoned).

Vanquished Creatures
  Pikel (D:4)
  A kobold brigand (D:3)
  A scorpion (D:3)
  3 adders
  2 worms (D:3)
  A dart slug (D:1)
  An orc (D:3)
  8 ball pythons
  6 bats
  5 endoplasms
  4 giant cockroaches
  8 goblins
  8 hobgoblins
  2 jackals (D:2)
  14 kobolds
  4 quokkas
  3 frilled lizards (D:2)
  8 rats
80 creatures vanquished.

Vanquished Creatures (collateral kills)
  Jessica (D:3)
  A dart slug (D:2)
  An endoplasm (D:2)
  A hobgoblin (D:3)
4 creatures vanquished.

Grand Total: 84 creatures vanquished

Notes
Turn   | Place    | Note
-------+----------+-------------------------------------------
     0 | D:1      | Garessta the Demonspawn Gladiator began the quest for the
                  | Orb.
     0 | D:1      | Reached XP level 1. HP: 16/16 MP: 1/1
   148 | D:1      | Reached skill level 3 in Maces & Flails
   192 | D:1      | Gained mutation: A weak demonic guardian rushes to your
                  | aid. [demonic ancestry]
   192 | D:1      | Reached XP level 2. HP: 14/22 MP: 2/2
   344 | D:1      | Found Ciramm's Weapon Emporium.
   977 | D:1      | Found a faded altar of an unknown god.
  1087 | D:1      | Reached XP level 3. HP: 21/27 MP: 3/3
  1540 | D:2      | Reached skill level 4 in Maces & Flails
  1756 | D:2      | Found Foir's General Store.
  1799 | D:2      | Gained mutation: You have large cloven feet. [demonic
                  | ancestry]
  1799 | D:2      | Reached XP level 4. HP: 33/33 MP: 4/4
  2536 | D:3      | Noticed a scorpion
  2546 | D:3      | Killed a scorpion
  2547 | D:3      | Reached skill level 5 in Maces & Flails
  2547 | D:3      | Gained mutation: You have hoof-like feet. [demonic
                  | ancestry]
  2547 | D:3      | Reached XP level 5. HP: 5/38 MP: 5/5
  3330 | D:3      | Found Jerikac's General Store.
  3373 | D:3      | Bought a scroll of identify for 24 gold pieces
  3617 | D:3      | Noticed Jessica
  3734 | D:3      | Killed Jessica
  3916 | D:3      | Found a shimmering blue altar of Sif Muna.
  4093 | D:3      | Found a hazy altar of Hepliaklqana.
  4140 | D:3      | Reached skill level 6 in Maces & Flails
  4421 | D:4      | Noticed Pikel
  4421 | D:4      | Noticed a lemure
  4421 | D:4      | Noticed a lemure
  4421 | D:4      | Noticed a lemure
  4423 | D:4      | Noticed a lemure
  4451 | D:4      | Killed Pikel
  4452 | D:4      | Reached skill level 7 in Maces & Flails
  4452 | D:4      | Gained mutation: You regenerate magic rapidly. [demonic
                  | ancestry]
  4452 | D:4      | Reached XP level 6. HP: 7/44 MP: 6/6
  4452 | D:4      | Reached XP level 7. HP: 8/50 MP: 7/7
  4845 | D:4      | Noticed Eustachio
  4847 | D:4      | Noticed Edmund
  4870 | D:4      | Slain by Edmund

Illustrated notes

Levels and vault maps discovered:
D:1:      co_arrival_hexagon_in_a_hexagon, layout_basic, serial_shops,
          nicolae_square_shop, shapermc_ecumenical_altar_mp_ritualfount
D:2:      layout_basic, serial_shops, shop, chequers_avenue, minmay_3d_cube
D:3:      cheibrodos_thug_alley, layout_basic, nzn_hepliaklqana_mist_gate,
          tgw_sif, serial_shops, nicolae_square_shop
D:4:      layout_loops_ring, minmay_misc_feat_five, uniq_edmund, uniq_eustachio,
          uniq_pikel

Skill      XL: |  1  2  3  4  5 |
---------------+----------------+-----
Maces & Flails | 3 4 5 7 |  7.9
Fighting       | |  2.0
Throwing       | |  1.7
Dodging        | |  2.6

Action                   |  1- 3 |  4- 6 |  7- 9 || total
-------------------------+-------+-------+-------++-------
Melee: Flail             |   126 |   144 |    19 ||   289
       Kick              |       |    33 |    10 ||    43
Throw: Throwing net      |       |     3 |       ||     3
  Use: Scroll            |     2 |       |       ||     2
       Potion            |       |     2 |       ||     2
 Stab: Sleeping          |     3 |       |       ||     3
       Held in net/web   |       |     3 |       ||     3
       Distracted        |       |       |     1 ||     1
Armor: Leather armour    |    46 |    44 |     7 ||    97
Dodge: Dodged            |   108 |    90 |    15 ||   213
